 Dungeon Crawl Stone Soup version 0.21.0 (webtiles) character file.

2857 Leibowitz the Cleaver (level 9, 0/78 HPs)
             Began as a Hill Orc Gladiator on Jan 7, 2018.
             Slain by an orc warrior
             ... wielding a +0 halberd
              (3 damage)
             ... on level 8 of the Dungeon.
             The game lasted 00:15:37 (6446 turns).

Leibowitz the Cleaver (Hill Orc Gladiator)          Turns: 6446, Time: 00:15:37

Health: 0/78       AC: 15    Str: 20    XL:     9   Next: 75%
Magic:  9/9        EV:  2    Int:  8    God:
Gold:   255        SH:  0    Dex: 12    Spells: 8/8 levels left

rFire    x . .     SeeInvis .   a - +0 war axe
rCold    + + .     Gourm    .   (no shield)
rNeg     + + +     Faith    .   w - +0 ice dragon scales
rPois    ∞         Spirit   .   c - +0 helmet
rElec    .         Reflect  +   g - +0 cloak
rCorr    .         Harm     .   (no gloves)
MR       .....                  e - +0 pair of boots
Stlth    ..........             q - +5 amulet of reflection
HPRegen  0.23/turn              k - ring of wizardry
MPRegen  0.11/turn              (no ring)

@: petrified
A: no striking features
a: no special abilities


You were on level 8 of the Dungeon.
You were very hungry.

You visited 2 branches of the dungeon, and saw 11 of its levels.

You collected 255 gold pieces.

Inventory:

Hand Weapons
 a - a +0 war axe (weapon)
 n - a +1 hand axe of venom
Missiles
 d - 3 throwing nets (quivered)
 s - 6 poisoned tomahawks
Armour
 c - a +0 helmet (worn)
 e - a +0 pair of boots (worn)
 g - a +0 cloak (worn)
 w - +0 ice dragon scales (worn)
Jewellery
 b - an uncursed ring of ice
 k - a ring of wizardry (left hand)
 q - a +5 amulet of reflection (around neck)
Wands
 v - a wand of polymorph (19)
Scrolls
 h - 2 scrolls of remove curse
 l - 7 scrolls of identify
 m - 3 scrolls of teleportation
 o - a scroll of magic mapping
Potions
 i - 3 potions of curing
 j - a potion of brilliance
 r - a potion of agility
 t - 2 potions of haste
Comestibles
 f - 14 rations


   Skills:
 * Level 6.5 Fighting
 * Level 12.4 Axes
 - Level 1.7 Throwing
 * Level 6.5 Armour
 * Level 4.5 Dodging


You had 8 spell levels left.
You didn't know any spells.

Dungeon Overview and Level Annotations

Branches:
Dungeon (10/15)              Lair (1/6) D:8
 Temple: D:4-7          Orc: D:9-12

Altars:

Annotations:
D:7 Menkaure; ThereIsNoGod's ghost, novice MiGl


Message History

The orc warrior hits you from afar with a halberd!
* * * LOW HITPOINT WARNING * * *
The basilisk bites you.
* * * LOW HITPOINT WARNING * * *
The basilisk bites you!
* * * LOW HITPOINT WARNING * * *
The orc warrior hits you but does no damage.
The basilisk bites you but does no damage.
The orc warrior completely misses you.
The basilisk bites you but does no damage.
The orc warrior hits you from afar with a halberd!
* * * LOW HITPOINT WARNING * * *
The basilisk hisses menacingly.
The basilisk bites you but does no damage.
The orc warrior hits you from afar with a halberd!
* * * LOW HITPOINT WARNING * * *
The basilisk gazes at you. You resist with some effort.
The orc warrior hits you from afar with a halberd.
You die...

#..#..o...P..P.♣..#
#..##P............#
... ##......♣♣.#.##
.##. ###.....###...
.# #. #.#.### ###
#...# #.###
#o########
#.l@.....#
########.#


You could see a basilisk and an orc warrior.

Vanquished Creatures
  5 yaks (D:8)
  A basilisk (D:8)
  Edmund (D:5)
  A porcupine (D:8)
  An orc warrior (D:6)
  2 ice beasts
  A phantom (D:4)
  2 ogres (D:5)
  A centaur (D:7)
  A crocodile (D:8)
  A big kobold (D:8)
  2 bullfrogs (D:6)
  Blork the orc (D:6)
  3 scorpions
  2 howler monkeys
  2 crimson imps
  A jelly (D:7)
  4 hounds
  A bullfrog skeleton (D:6)
  Crazy Yiuf (D:5)
  Jessica (D:3)
  An iguana (D:7)
  4 orc wizards
  A worker ant (D:5)
  A worker ant zombie (D:10)
  3 gnolls (D:6)
  5 adders
  An adder zombie (D:5)
  6 worms
  A dart slug (D:2)
  3 leopard geckos
  18 orcs
  5 bats
  8 giant cockroaches
  4 goblins
  6 hobgoblins
  2 jackals (D:6)
  2 kobolds (D:2)
  2 quokkas (D:4)
  A ball python (D:5)
  7 frilled lizards
  A quokka skeleton (D:5)
  A rat (D:1)
118 creatures vanquished.

Vanquished Creatures (others)
  A bush (D:8)
  2 fungi (D:8)
  4 plants (D:8)
7 creatures vanquished.

Grand Total: 125 creatures vanquished

Notes
Turn   | Place    | Note
-------+----------+-------------------------------------------
     0 | D:1      | Leibowitz the Hill Orc Gladiator began the quest for the Orb.
     0 | D:1      | Reached XP level 1. HP: 18/18 MP: 1/1
   425 | D:1      | Reached XP level 2. HP: 19/25 MP: 2/2
  1084 | D:2      | Reached XP level 3. HP: 24/30 MP: 3/3
  1092 | D:2      | HP: 1/30 [worm (6)]
  1573 | D:2      | Reached skill level 1 in Armour
  1859 | D:2      | Reached skill level 5 in Axes
  2461 | D:3      | Reached XP level 4. HP: 34/37 MP: 4/4
  2777 | D:3      | Noticed Jessica
  2780 | D:3      | Killed Jessica
  3269 | D:4      | Noticed a phantom
  3292 | D:4      | Killed a phantom
  3292 | D:4      | Reached skill level 6 in Axes
  3292 | D:4      | Reached XP level 5. HP: 38/45 MP: 5/5
  3483 | D:4      | Reached XP level 6. HP: 44/52 MP: 6/6
  3767 | D:5      | Entered Level 5 of the Dungeon
  3791 | D:5      | Reached skill level 7 in Axes
  3873 | D:5      | Noticed Blork the orc
  3971 | D:5      | Noticed Edmund
  4001 | D:5      | Reached XP level 7. HP: 41/59 MP: 7/7
  4009 | D:5      | Reached skill level 8 in Axes
  4021 | D:5      | Killed Edmund
  4783 | D:5      | Found a runed door.
  4787 | D:5      | Noticed Crazy Yiuf
  4793 | D:5      | Killed Crazy Yiuf
  4931 | D:6      | Killed Blork the orc
  4931 | D:6      | Reached skill level 9 in Axes
  4931 | D:6      | Reached XP level 8. HP: 58/67 MP: 8/8
  5051 | D:6      | Reached skill level 5 in Fighting
  5424 | D:7      | Reached skill level 10 in Axes
  5451 | D:7      | Noticed Menkaure
  5453 | D:7      | Noticed ThereIsNoGod's ghost (novice MiGl)
  5627 | D:7      | Reached skill level 5 in Armour
  5908 | D:7      | You fall through a shaft for 3 floors!
  5908 | D:10     | Entered Level 10 of the Dungeon
  5994 | D:8      | Noticed a yak
  5994 | D:8      | Noticed a yak
  5995 | D:8      | Found a staircase to the Lair.
  5995 | D:8      | Noticed a yak
  6004 | D:8      | Noticed a yak
  6007 | D:8      | Reached XP level 9. HP: 75/75 MP: 9/9
  6010 | D:8      | Reached skill level 11 in Axes
  6326 | D:8      | Reached skill level 12 in Axes
  6355 | Lair:1   | Entered Level 1 of the Lair of Beasts
  6445 | D:8      | HP: 3/78 [orc warrior/halberd (3)]
  6446 | D:8      | Slain by an orc warrior

Skill      XL: |  1  2  3  4  5  6  7  8  9 |
---------------+----------------------------+-----
Armour         | 1 2 3 5 6 |  6.5
Axes           | 5 6 7 9 10 12 | 12.4
Fighting       | 3 4 5 6 |  6.5
Dodging        | 3 4 |  4.5
Throwing       | |  1.7

Action                   |  1- 3 |  4- 6 |  7- 9 || total
-------------------------+-------+-------+-------++-------
Melee: War axe           |   109 |   124 |   240 ||   473
       Hand axe          |       |       |    27 ||    27
Throw: Tomahawk          |       |     3 |     6 ||     9
       Throwing net      |       |       |     3 ||     3
  Use: Potion            |       |     6 |     2 ||     8
       Scroll            |       |       |     6 ||     6
  Eat: Chunk             |     5 |     5 |     7 ||    17
Armor: Ring mail         |    38 |    13 |       ||    51
       Ice dragon scales |       |    20 |   103 ||   123
Dodge: Dodged            |    52 |    66 |   116 ||   234
Block: Other             |     6 |    23 |    39 ||    68
